 Dungeon Sprint DCSS version 0.21-a0-331-gfb491b4 (webtiles) character file.

1774 Kidiri the Eclecticist (level 8, -15/41 HPs)
             Began as a Deep Elf Fire Elementalist on Oct 2, 2017.
             Was a Priest of Vehumet.
             Killed from afar by Erolcha (42 damage)
             ... with a crystal spear
             ... in the Dungeon (Sprint III: "The Ten Rune Challenge").
             The game lasted 00:05:47 (1357 turns).

Kidiri the Eclecticist (Deep Elf Fire Elementalist) Turns: 1357, Time: 00:05:48

Health: -15/41     AC:  3    Str:  7    XL:     8   Next: 80%
Magic:  21/31      EV: 13    Int: 25    God:    Vehumet [***...]
Gold:   46         SH:  0    Dex: 15    Spells: 20/41 levels left

rFire    . . .     SeeInvis .   t - +0 dagger
rCold    . . .     Gourm    .   (no shield)
rNeg     . . .     Faith    .   a - +0 robe
rPois    +         Spirit   .   (no helmet)
rElec    .         Reflect  .   k - +0 cloak
rCorr    .         Harm     .   (no gloves)
MR       +....     NoTele   +   (no boots)
Stlth    ++........             (no amulet)
HPRegen  0.13/turn              (no ring)
MPRegen  0.22/turn              (no ring)

@: no status effects
A: clever 1, magic resistance 1, poison resistance, strong 1
a: Renounce Religion


You were in the Dungeon.
You worshipped Vehumet.
Vehumet was most pleased with you.
You were not hungry.

You visited 1 branch You collected 46 gold pieces.

Inventory:

Hand Weapons
 t - a +0 dagger (weapon)
Armour
 a - a +0 robe (worn)
 k - a +0 cloak (worn)
Wands
 u - a wand of paralysis (10/24)
Scrolls
 i - a scroll of blinking
 m - 2 scrolls of holy word {unknown}
 n - 2 scrolls of identify {unknown}
 o - 2 scrolls of remove curse {unknown}
Potions
 b - 2 potions of might
 d - 2 potions of curing
 e - 2 potions of heal wounds
 f - a potion of haste
 g - 2 potions of magic
 h - 2 potions of berserk rage
 l - 2 potions of mutation
 q - a potion of agility {unknown}
 s - 2 potions of flight {unknown}
Comestibles
 c - a bread ration
 j - 6 chunks of flesh
 p - 2 royal jellies
 r - a fruit


   Skills:
 + Level 0.0 Fighting
 + Level 0.0 Short Blades
 + Level 0.0 Armour
 + Level 2.4 Dodging
 - Level 2.4 Stealth
 * Level 17.1 Spellcasting
 + Level 10.8 Conjurations
 + Level 11.2 Fire Magic
 + Level 0.0 Poison Magic


You had 20 spell levels left.
You knew the following spells:

 Your Spells              Type           Power        Failure   Level  Hunger
a - Flame Tongue          Conj/Fire      #####        1%          1    None
b - Throw Flame           Conj/Fire      ######       1%          2    None
c - Conjure Flame         Conj/Fire      ######..     1%          3    None
d - Inner Flame           Hex/Fire       #####...     1%          3    None
e - Ignite Poison         Fire/Tmut/Pois #####...     1%          3    None
f - Sticky Flame          Conj/Fire      ######..     1%          4    None
g - Fireball              Conj/Fire      ######....   1%          5    None


Dungeon Overview and Level Annotations

Branches:
Dungeon (1/1)

Altars:
Cheibriados
Dithmenos
Elyvilon
Fedhas
Gozag
Hepliaklqana
Kikubaaqudgha
Makhleb
Nemelex Xobeh
Okawaru
Qazlal
Ru
Sif Muna
Trog
Uskayaw
Vehumet
Wu Jian
Xom
Yredelemnul
Zin
The Shining One
Beogh
Jiyva
Lugonu

Annotations:
D Erolcha


Innate Abilities, Weirdness & Mutations

Your mind is acute. (Int +2)
You are resistant to hostile enchantments. (MR+)
Your system is resistant to poisons. (rPois)
Your muscles are strong. (Str +2)


Message History

Aiming: Flame Tongue
Press: ? - help, Shift-Dir - straight line, f/p - Erolcha
Aim: Erolcha, wielding a giant club and wearing a robe (moderately wounded, covered in liquid flames, unusually resistant)
The flame tongue hits Erolcha.
Erolcha appears unharmed.
Erolcha is moderately wounded.
Erolcha burns!
Erolcha gestures at you while chanting. The bolt of cold hits you!
Casting: Flame Tongue
Confirm with . or Enter, or press ? or * to list all spells.
Aiming: Flame Tongue
Press: ? - help, Shift-Dir - straight line, f/p - Erolcha
Aim: Erolcha, wielding a giant club and wearing a robe (moderately wounded, covered in liquid flames, unusually resistant)
The flame tongue hits Erolcha.
Erolcha resists.
Erolcha is moderately wounded.
Erolcha burns!
Erolcha points at you and mumbles some strange words.
The crystal spear hits you!
Ouch! That really hurt!
You die...

#### #__# #)_# #+##
...# ...# ##'#
...#+##############
...#....#.#.#...@O#
...##.#).#.##)###O#
...'##.#.#.##.#..##
...#.).#..#..##.O
▓▓▓▓▓▓▓▓▓▓▓▓▓▓▓▓▓


You could see a two-headed ogre and Erolcha (burning).

Vanquished Creatures
  A deep elf mage (D)
  A shadow (D)
  A spatial vortex (D)
  A necrophage (D)
  4 two-headed ogres (D)
  A water elemental (D)
  Crazy Yiuf (D)
  A jelly (D)
  A wizard (D)
  Jessica (D)
  A necromancer (D)
  3 humans (D)
  A kobold demonologist (D)
  3 rats (D)
21 creatures vanquished.

Vanquished Creatures (others)
  2 draconian scorchers (D)
  6 hellions (D)
  2 yaktaurs (D)
10 creatures vanquished.

Grand Total: 31 creatures vanquished

Notes
Turn   | Place    | Note
-------+----------+-------------------------------------------
     0 | D        | Kidiri the Deep Elf Fire Elementalist began the quest for the Orb.
     0 | D        | Reached XP level 1. HP: 10/10 MP: 6/6
    70 | D        | Noticed Jessica
    77 | D        | Killed Jessica
    77 | D        | Reached skill level 6 in Spellcasting
    77 | D        | Reached XP level 2. HP: 15/15 MP: 2/11
    81 | D        | Learned a level 2 spell: Throw Flame
   103 | D        | Killed a yaktaur
   126 | D        | Killed a hellion
   126 | D        | Killed a hellion
   161 | D        | Reached skill level 7 in Spellcasting
   161 | D        | Reached skill level 5 in Fire Magic
   161 | D        | Reached XP level 3. HP: 5/19 MP: 5/13
   166 | D        | Learned a level 3 spell: Conjure Flame
   170 | D        | Learned a level 3 spell: Inner Flame
   190 | D        | Killed a hellion
   191 | D        | Killed a hellion
   201 | D        | Killed a white draconian scorcher
   256 | D        | Killed a hellion
   267 | D        | Killed a hellion
   381 | D        | Killed a white draconian scorcher
   387 | D        | Noticed Crazy Yiuf
   391 | D        | Killed Crazy Yiuf
   391 | D        | Reached skill level 8 in Spellcasting
   391 | D        | Reached XP level 4. HP: 12/24 MP: 10/16
   420 | D        | Gained mutation: Your system is resistant to poisons. (rPois) [potion of mutation]
   420 | D        | Gained mutation: You are resistant to hostile enchantments. (MR+) [potion of mutation]
   420 | D        | Gained mutation: Your mind is acute. (Int +2) [potion of mutation]
   420 | D        | Gained mutation: Your muscles are strong. (Str +2) [potion of mutation]
   697 | D        | Learned a level 4 spell: Sticky Flame
   700 | D        | Noticed a water elemental
   703 | D        | Killed a water elemental
   703 | D        | Reached skill level 9 in Spellcasting
   703 | D        | Reached skill level 5 in Conjurations
   763 | D        | Found a radiant altar of Vehumet.
   764 | D        | Noticed a wizard
   765 | D        | Killed a wizard
   765 | D        | Reached skill level 10 in Spellcasting
   765 | D        | Reached XP level 5. HP: 28/28 MP: 12/19
   769 | D        | Found a deep blue altar of Sif Muna.
   769 | D        | Found an ancient bone altar of Kikubaaqudgha.
   790 | D        | Learned a level 5 spell: Fireball
   791 | D        | Became a worshipper of Vehumet
   828 | D        | Killed a yaktaur
   849 | D        | Found a glowing silver altar of Zin.
   850 | D        | Found a glowing golden altar of the Shining One.
   850 | D        | Found a white marble altar of Elyvilon.
   850 | D        | Noticed a deep elf mage
   859 | D        | Noticed a fire elemental
   861 | D        | Killed a deep elf mage
   861 | D        | Reached skill level 14 in Spellcasting
   861 | D        | Reached XP level 6. HP: 32/32 MP: 14/25
   861 | D        | Reached XP level 7. HP: 36/36 MP: 14/26
   921 | D        | Found an ornate altar of the Wu Jian Council.
   921 | D        | Found a roughly hewn altar of Beogh.
   921 | D        | Found an iron altar of Okawaru.
   921 | D        | Found a bloodstained altar of Trog.
   921 | D        | Found a hide-covered altar of Uskayaw.
   921 | D        | Noticed a human
   921 | D        | Noticed a human
   924 | D        | Killed a human
   924 | D        | Killed a human
   924 | D        | Reached * piety under Vehumet
   924 | D        | Offered knowledge of Sting by Vehumet.
   924 | D        | Reached skill level 15 in Spellcasting
   997 | D        | Found a basalt altar of Yredelemnul.
   997 | D        | Found a shadowy altar of Dithmenos.
   997 | D        | Found a sacrificial altar of Ru.
  1001 | D        | Reached skill level 10 in Fire Magic
  1055 | D        | Noticed a shadow
  1055 | D        | Killed a shadow
  1055 | D        | Reached ** piety under Vehumet
  1055 | D        | Reached XP level 8. HP: 41/41 MP: 19/29
  1099 | D        | Found a blossoming altar of Fedhas.
  1099 | D        | Found a stormy altar of Qazlal.
  1099 | D        | Found a snail-covered altar of Cheibriados.
  1099 | D        | Found a burning altar of Makhleb.
  1099 | D        | Found a shimmering altar of Xom.
  1100 | D        | Found a hazy altar of Hepliaklqana.
  1100 | D        | Found an opulent altar of Gozag.
  1100 | D        | Found a sparkling altar of Nemelex Xobeh.
  1100 | D        | Found a corrupted altar of Lugonu.
  1100 | D        | Found a viscous altar of Jiyva.
  1118 | D        | Offered knowledge of Freeze by Vehumet.
  1118 | D        | Reached skill level 16 in Spellcasting
  1118 | D        | Reached skill level 10 in Conjurations
  1205 | D        | Reached *** piety under Vehumet
  1293 | D        | Noticed a two-headed ogre
  1299 | D        | Killed a two-headed ogre
  1299 | D        | Offered knowledge of Ignite Poison by Vehumet.
  1299 | D        | Reached skill level 17 in Spellcasting
  1305 | D        | Learned a level 3 spell: Ignite Poison
  1351 | D        | Noticed a two-headed ogre
  1351 | D        | Noticed Erolcha
  1357 | D        | Killed from afar by Erolcha

Vault maps used:
D:        dungeon_sprint_mu

Skill      XL: |  1  2  3  4  5  6  7  8 |
---------------+-------------------------+-----
Spellcasting   | 6 7 8 10 14 15 17 | 17.1
Conjurations   | 3 4 5 8 9 10 | 10.8
Fire Magic     | 4 5 6 9 10 11 | 11.2
Dodging        | |  2.4
Stealth        | |  2.4

Action                   |  1- 3 |  4- 6 |  7- 9 || total
-------------------------+-------+-------+-------++-------
Melee: Unarmed           |       |     1 |       ||     1
 Cast: Flame Tongue      |    16 |     6 |    39 ||    61
       Sticky Flame      |       |     3 |     5 ||     8
       Conjure Flame     |       |     1 |     5 ||     6
       Fireball          |       |       |     2 ||     2
       Inner Flame       |       |       |     3 ||     3
  Use: Potion            |       |     1 |       ||     1
  Eat: Chunk             |       |       |     1 ||     1
Armor: Robe              |     1 |     1 |       ||     2
Dodge: Dodged            |     1 |     2 |     9 ||    12

Table legend:
 A = Spawn XP
 B = Non-spawn XP
 C = Spawn XP percentage of total XP
 D = Spawn monster count
 E = Non-spawn monster count
 F = Spawn count percentage of total count
 G = Total turns spent on level
                    A         B        C        D         E        F      G
               +---------+---------+-------+---------+---------+-------+---------
         Total |       0 |    2535 |   0.0 |       0 |      21 |   0.0 |  1357
               +---------+---------+-------+---------+---------+-------+---------
             D |       0 |    2535 |   0.0 |       0 |      21 |   0.0 |  1357
               +---------+---------+-------+---------+---------+-------+---------
